 Dungeon Crawl Stone Soup version 0.23.1 (webtiles) character file.

Game seed: 8188725256135804370

243 Borgoz the Skirmisher (level 5, -7/42 HPs)
             Began as a Demonspawn Abyssal Knight on Mar 2, 2019.
             Was a Believer of Lugonu.
             Killed from afar by an orc wizard (8 damage)
             ... with a puff of frost
             ... on level 3 of the Dungeon.
             The game lasted 00:04:57 (2349 turns).

Borgoz the Skirmisher (Demonspawn Abyssal Knight)   Turns: 2349, Time: 00:04:58

Health: -7/42      AC:  2    Str: 13    XL:     5   Next: 82%
Magic:  0/7        EV:  9    Int: 13    God:    Lugonu [**....]
Gold:   137        SH:  0    Dex: 13    Spells: 4/4 levels left

rFire    . . .     SeeInvis .   a - +1 hand axe (elec)
rCold    . . .     Gourm    .   (no shield)
rNeg     . . .     Faith    .   x - +0 leather armour
rPois    .         Spirit   +   w - +0 helmet
rElec    .         Reflect  .   (no cloak)
rCorr    .         Harm     .   (no gloves)
MR       .....                  (no boots)
Stlth    ++........             (no amulet)
HPRegen  0.14/turn              e - -3 ring of evasion (curse)
MPRegen  0.10/turn              r - ring of flight

@: lightly drained
A: hooves 1, blurry vision 1, deformed body, nightstalker 1, magic shield
a: Depart the Abyss, Bend Space, Renounce Religion, Evoke Flight


You were on level 3 of the Dungeon.
You worshipped Lugonu.
Lugonu was pleased with you.
You were not hungry.

You visited 1 branch of the dungeon, and saw 3 of its levels.
You visited the Abyss 1 time.

You collected 137 gold pieces.

Inventory:

Hand Weapons
 a - a +1 hand axe of electrocution (weapon)
 b - a +0 blowgun
Missiles
 y - 5 poisoned needles
Armour
 w - a +0 helmet (worn)
 x - a +0 leather armour (worn)
Jewellery
 e - a cursed -3 ring of evasion (left hand)
 r - a ring of flight (right hand)
Scrolls
 f - a scroll of enchant weapon {unknown}
 g - a scroll of fear {unknown}
 h - a scroll of enchant armour {unknown}
 j - 3 scrolls of identify
 l - 3 scrolls of teleportation {unknown}
 m - 2 scrolls of magic mapping {unknown}
 o - a scroll of remove curse {unknown}
 t - a scroll of fog {unknown}
 v - a scroll of blinking {unknown}
Potions
 i - a potion of magic
 k - a potion of curing {unknown}
 p - a potion of agility {unknown}
 s - a potion of flight {unknown}
 u - a potion of mutation
Comestibles
 c - 6 rations
 d - 6 chunks of flesh


   Skills:
 + Level 3.7(3.3) Fighting
 * Level 3.1(2.7) Axes
 + Level 2.5(2.1) Armour
 * Level 2.8(2.4) Dodging
 + Level 1.3(0.9) Stealth
 + Level 3.5(3.1) Invocations


You had 4 spell levels left.
You didn't know any spells.
Your spell library was empty.

Dungeon Overview and Level Annotations

Branches:
Dungeon (3/15)

Altars:
Trog


Innate Abilities, Weirdness & Mutations

You are slightly more attuned to the shadows.
When hurt, damage is shared between your health and your magic reserves.
You have large cloven feet.
Scrolls take you a little longer to read.
Armour fits poorly on your strangely shaped body.


Message History

The orc wizard hits you with a +0 dagger.
* * * LOW HITPOINT WARNING * * *
The orc wizard hits you but does no damage.
You barely miss the orc wizard. Your kick misses the orc wizard.
The orc wizard is lightly wounded.
The orc wizard hits you with a +0 dagger.
* * * LOW HITPOINT WARNING * * *
The orc wizard gestures at you while chanting.
The puff of frost misses you.
Okay, then.
You hit the orc wizard.
The orc wizard is moderately wounded.
The orc wizard hits you with a +0 dagger.
* * * LOW HITPOINT WARNING * * *
You hit the orc wizard but do no damage.
Your kick misses the orc wizard.
The orc wizard is moderately wounded.
The orc wizard gestures at you while chanting.
The puff of frost hits you!
You die...

#.........# #
♣.....♣.###
#.##.....#.#######
#.#♣#♣.♣#♣.#......
#.# #.###.#......
#.# #.....#......
#.# #####.#......
#o# #.'...... #@#
###...... #.#
####### #.# # #.#
# ###.######### #
#............ #
#.#........#
######
#.#........#
#.....
#.#..).....#
#.####


You could see an orc wizard.

Vanquished Creatures
  A hound (D:3)
  2 orc priests (D:3)
  An orc wizard (D:3)
  Natasha (D:3)
  2 adders (D:2)
  A white imp (Abyss:2)
  2 worms
  2 dart slugs
  2 leopard geckos
  9 orcs (D:3)
  A giant cockroach (D:2)
  2 goblins (D:3)
  6 hobgoblins
  2 jackals
  7 kobolds
  2 quokkas
  A ball python (D:2)
  9 bats
  3 frilled lizards
  6 rats
62 creatures vanquished.

Notes
Turn   | Place    | Note
-------+----------+-------------------------------------------
     0 | Abyss:1  | Borgoz the Demonspawn Abyssal Knight began the quest for
                  | the Orb.
     0 | Abyss:1  | Reached XP level 1. HP: 18/18 MP: 2/2
    25 | Abyss:2  | Reached skill level 1 in Dodging
    62 | Abyss:2  | Noticed an orange demon
    70 | Abyss:3  | Noticed a raiju
    70 | Abyss:3  | Noticed a raiju
    70 | Abyss:3  | Noticed a raiju
    70 | Abyss:3  | Noticed a raiju
    71 | D:1      | Escaped the Abyss
   258 | D:1      | Gained mutation: You are slightly more attuned to the
                  | shadows. [demonic ancestry]
   258 | D:1      | Reached XP level 2. HP: 22/24 MP: 4/4
   439 | D:1      | Reached * piety under Lugonu
   583 | D:2      | Found a bloodstained altar of Trog.
   636 | D:2      | You fall through a shaft!
   699 | D:2      | Gained mutation: When hurt, damage is shared between your
                  | health and your magic reserves. [demonic ancestry]
   699 | D:2      | Reached XP level 3. HP: 25/29 MP: 5/5
  1234 | D:2      | Reached XP level 4. HP: 35/35 MP: 6/6
  1930 | D:3      | Reached ** piety under Lugonu
  2159 | D:3      | Noticed Natasha
  2183 | D:3      | Gained mutation: Armour fits poorly on your strangely
                  | shaped body. [potion of mutation]
  2183 | D:3      | Gained mutation: Scrolls take you a little longer to read.
                  | [potion of mutation]
  2183 | D:3      | Gained mutation: You have large cloven feet. [potion of
                  | mutation]
  2188 | D:3      | Killed Natasha
  2188 | D:3      | Reached skill level 1 in Stealth
  2188 | D:3      | Reached XP level 5. HP: 33/41 MP: 1/7
  2347 | D:3      | HP: 2/42 [orc wizard/+0 dagger (2)]
  2349 | D:3      | Killed from afar by an orc wizard

Skill      XL: |  1  2  3  4  5 |
---------------+----------------+-----
Dodging        | 1 2 |  2.8
Axes           | 2 3 |  3.1
Armour         | 2 |  2.5
Invocations    | 3 |  3.5
Stealth        | 1 |  1.3
Fighting       | |  3.7

Action                   |  1- 3 |  4- 6 || total
-------------------------+-------+-------++-------
Melee: Hand axe          |    10 |   107 ||   117
       Morningstar       |    58 |       ||    58
       Kick              |       |     4 ||     4
Invok: Depart the Abyss  |     1 |       ||     1
  Use: Scroll            |     1 |       ||     1
       Potion            |       |     4 ||     4
 Stab: Sleeping          |     5 |     3 ||     8
  Eat: Chunk             |     1 |     4 ||     5
Armor: Leather armour    |    27 |    44 ||    71
Dodge: Dodged            |    31 |    46 ||    77
